 Dungeon Crawl Stone Soup version 0.13-a0-2301-g23820b6 (webtiles) character file.

2482 Kae the Cleaver (level 9, -1/72 HPs)
             Began as a Hill Orc Fighter on July 8, 2013.
             Was a High Priest of Makhleb.
             Slain by a warg (5 damage)
             ... on Level 7 of the Dungeon.
             The game lasted 00:15:09 (7946 turns).

Kae the Cleaver (Hill Orc Fighter)                  Turns: 7946, Time: 00:15:10

HP  -1/72        AC  9     Str 25      XL: 9   Next: 38%
MP   0/18        EV  7     Int  8      God: Makhleb [*****.]
Gold 210         SH 19     Dex 10      Spells:  0 memorised,  8 levels left

Res.Fire  : + . .   See Invis. : .   a - +0,-3 orc hand axe {=f}
Res.Cold  : . . .   Warding    : .   b - +0 orc scale mail (curse)
Life Prot.: . . .   Conserve   : .   c - -1 orc shield (curse)
Res.Poison: .       Res.Corr.  : .   (no helmet)
Res.Elec. : .       Clarity    : .   u - -1 cloak
Sust.Abil.: . .     Spirit.Shd : +   s - +1 pair of elf gloves {Str+3}
Res.Mut.  : .       Stasis     : .   (no boots)
Res.Rott. : .       Flight     : .   o - amulet of guardian spirit
Saprovore : + . .                    g - ring of protection from fire
                                     l - ring of flight

@: slightly resistant to hostile enchantments, extremely unstealthy
A: saprovore 1
a: Minor Destruction, Lesser Servant of Makhleb, Major Destruction, Greater
Servant of Makhleb, Renounce Religion, Evoke Flight


You were on level 7 of the Dungeon.
You worshipped Makhleb.
Makhleb was extremely pleased with you.
You were near starving.

You visited 1 branch of the dungeon, and saw 7 of its levels.
You also visited: Ossuary.

You collected 190 gold pieces.

Inventory:

Hand weapons
 a - a +0,-3 orcish hand axe (weapon) {=f}
Armour
 b - a cursed +0 orcish scale mail (worn)
 c - a cursed -1 orcish shield (worn)
 s - a +1 pair of elven gloves of strength (worn)
 u - a -1 cloak (worn)
Magical devices
 y - a wand of confusion (0)
Comestibles
 d - 2 meat rations
 j - 3 bread rations
 t - 12 grapes
 A - an apple
Scrolls
 f - 4 scrolls of remove curse
 h - a scroll of fear
 n - 7 scrolls of teleportation
 p - a scroll of noise
Jewellery
 g - a ring of protection from fire (right hand)
 l - a ring of flight (left hand)
 o - an amulet of guardian spirit (around neck)
 z - a cursed -2 ring of intelligence {unknown}
Potions
 e - 4 potions of brilliance
 i - a potion of flight {unknown}
 k - 3 potions of curing
 m - 4 potions of resistance
 q - 2 potions of speed {unknown}
 r - 2 potions of restore abilities {unknown}
 v - a potion of paralysis {unknown}
 C - a potion of cure mutation {unknown}
 D - a potion of heal wounds {unknown}
Miscellaneous
 B - a phial of floods


   Skills:
 - Level 3.7 Fighting
 * Level 13.2 Axes
 - Level 3.2 Armour
 - Level 3.3 Shields
 + Level 6.8 Evocations


You had 8 spell levels left.
You didn't know any spells.

Dungeon Overview and Level Annotations

Branches:
Dungeon (7/27)             Temple (0/1) D:6             Orc (0/4) D:7

Altars:
Makhleb
Sif Muna
Xom
Zin
the Shining One

Annotations
D:2 Pikel
D:3 Poody's ghost, weakling MiGl


Innate Abilities, Weirdness & Mutations

You can tolerate rotten meat.


Message History

The warg is heavily wounded.
You hit the warg.
The warg is severely wounded.
The warg bites you!
* * * LOW HITPOINT WARNING * * *
You block the warg's attack. The warg claws you.
* * * LOW HITPOINT WARNING * * *
You closely miss the warg.
The warg is severely wounded.
The warg barely misses you. You block the warg's attack.
The warg barely misses you.
You hit the warg but do no damage.
The warg is severely wounded.
The warg bites you!
* * * LOW HITPOINT WARNING * * *
The warg closely misses you. The warg barely misses you.
You hit the warg.
The warg is almost dead.
The warg bites you!
You die...

.......# ♣♣♣ #.......# ♣
#.......# ♣ ......# ♣ #...#
#...############# #
#................
#.>.####..########...... ...
#.....h@..# #....##
....#########..# #....#.
#....# #..# ... #....#. #....#
#..#......#....#.
#....#########..#......'....##
#..[............#......#......
#...............#......#......
#......#####....#......#......
#......#...#....#......#......


You could see a warg.

Vanquished Creatures
  The ghost of tesudzi the Grave Robber, an average DrNe (D:5)
  Eustachio (D:5)
  2 slaves (D:3)
  A phantom (D:4)
  2 centaurs (D:5)
  3 wargs (D:7)
  2 giant frogs
  3 killer bees
  3 crimson imps
  2 centaur zombies (Ossuary)
  A giant frog zombie (D:6)
  5 orc priests
  A quasit (D:5)
  2 hounds (D:6)
  6 orc wizards
  2 scorpions
  5 worker ants
  Jessica (D:2)
  3 jellies (D:5)
  2 mummies (Ossuary)
  10 adders
  3 elf zombies (Ossuary)
  A gnoll (D:1)
  2 green rats (D:5)
  3 worms
  An ufetubus (D:5)
  A human zombie (Ossuary)
  A scorpion zombie (D:6)
  2 grey rats (D:5)
  2 giant eyeballs (D:5)
  3 giant geckos
  An ooze (D:4)
  27 orcs
  A ball python (D:3)
  19 bats
  4 giant cockroaches
  12 goblins
  6 hobgoblins
  11 jackals
  14 kobolds
  7 quokkas
  A sheep (D:5)
  5 giant newts
  A giant newt skeleton (D:5)
  A goblin zombie (Ossuary)
  A hobgoblin skeleton (D:4)
  8 hobgoblin zombies (Ossuary)
  4 jackal zombies
  8 kobold zombies (Ossuary)
  9 orc zombies (Ossuary)
  A quokka skeleton (D:7)
  17 rats
  A rat skeleton (D:6)
  2 rat zombies (Ossuary)
238 creatures vanquished.

Vanquished Creatures (others)
  A goblin (D:3)
  A kobold (D:7)
2 creatures vanquished.

Grand Total: 240 creatures vanquished

Notes
Turn   | Place    | Note
--------------------------------------------------------------
     0 | D:1      | Kae, the Hill Orc Fighter, began the quest for the Orb.
     0 | D:1      | Reached XP level 1. HP: 19/19 MP: 0/0
    88 | D:1      | Reached XP level 2. HP: 17/26 MP: 1/1
   265 | D:1      | Reached skill level 4 in Axes
   386 | D:1      | Reached XP level 3. HP: 31/33 MP: 2/2
  1014 | D:2      | Reached skill level 5 in Axes
  1094 | D:2      | Found a burning altar of Makhleb.
  1098 | D:2      | Found a deep blue altar of Sif Muna.
  1200 | D:2      | Noticed Jessica
  1210 | D:2      | Killed Jessica
  1210 | D:2      | Reached XP level 4. HP: 39/39 MP: 3/3
  1574 | D:3      | Noticed Poody's ghost (weakling MiGl)
  1731 | D:3      | Reached skill level 6 in Axes
  1871 | D:3      | Found a glowing golden altar of the Shining One.
  1934 | D:3      | Reached XP level 5. HP: 46/46 MP: 4/4
  1981 | D:3      | Found a burning altar of Makhleb.
  2155 | D:3      | Became a worshipper of Makhleb the Destroyer
  2350 | D:4      | Reached skill level 7 in Axes
  2357 | D:4      | Reached skill level 1 in Evocations
  2562 | D:4      | Noticed a phantom
  2601 | D:4      | Killed a phantom
  2601 | D:4      | Reached skill level 8 in Axes
  2601 | D:4      | Reached XP level 6. HP: 46/52 MP: 3/6
  2813 | D:4      | Acquired Makhleb's first power
  2999 | D:4      | Noticed a slave
  3001 | D:4      | Noticed Pikel
  3002 | D:4      | Noticed a slave
  3002 | D:4      | Noticed a slave
  3002 | D:4      | Noticed a slave
  3035 | D:3      | Killed a slave
  3089 | D:3      | Killed a slave
  3483 | D:3      | Reached XP level 7. HP: 59/59 MP: 9/9
  3778 | D:5      | Entered Level 5 of the Dungeon
  3778 | D:5      | Noticed tesudzi's ghost (average DrNe)
  4059 | D:5      | Killed tesudzi's ghost
  4059 | D:5      | Reached skill level 9 in Axes
  4398 | D:5      | Reached skill level 10 in Axes
  4422 | D:5      | Acquired Makhleb's second power
  4496 | D:5      | Found a shimmering altar of Xom.
  4522 | D:5      | Reached XP level 8. HP: 66/66 MP: 10/12
  4587 | D:5      | Paralysed by a giant eyeball for 4 turns
  4595 | D:5      | Paralysed by a giant eyeball for 2 turns
  4615 | D:5      | Noticed Eustachio
  4734 | D:5      | Killed Eustachio
  4734 | D:5      | Reached skill level 11 in Axes
  5406 | D:6      | Found a sand-covered staircase.
  5414 | Ossuary  | Entered an ossuary
  5549 | Ossuary  | Acquired Makhleb's third power
  5562 | Ossuary  | Reached skill level 5 in Evocations
  5954 | D:6      | Found a staircase to the Ecumenical Temple.
  6104 | D:6      | Reached skill level 12 in Axes
  6352 | D:6      | Found a glowing silver altar of Zin.
  6432 | D:6      | Acquired Makhleb's fourth power
  6754 | D:6      | Reached XP level 9. HP: 67/72 MP: 12/17
  7503 | D:7      | Reached skill level 13 in Axes
  7887 | D:7      | Found a staircase to the Orcish Mines.
  7926 | D:7      | Acquired Makhleb's fifth power
  7946 | D:7      | Slain by a warg

Action                   |  1- 3 |  4- 6 |  7- 9 || total
-------------------------+-------+-------+-------++-------
Melee: Hand axe          |   116 |   288 |  1000 ||  1404
Invok: Minor Destruction |       |       |     3 ||     3
  Use: Scroll            |       |    10 |     9 ||    19
       Potion            |       |       |     2 ||     2
